 Dungeon Crawl Stone Soup version 0.20-a0-903-g7e3609c (webtiles) character file.

84422 Zazen the Black Belt (level 15, -7/98 HPs)
             Began as a Demonspawn Monk on Mar 22, 2017.
             Was the Champion of Makhleb.
             Killed from afar by an ogre mage (50 damage)
             ... with a crystal spear
             ... on level 15 of the Dungeon.
             The game lasted 01:56:39 (23396 turns).

Zazen the Black Belt (Demonspawn Monk)             Turns: 23396, Time: 01:56:40

Health: -7/98      AC: 21    Str: 13    XL:     15   Next: 35%
Magic:  22/22      EV: 15    Int: 14    God:    Makhleb [******]
Gold:   2995       SH: 19    Dex: 20    Spells: 13/14 levels left

rFire    + . .     SeeInvis .     - Unarmed
rCold    + . .     Gourm    .   P - +4 pearl dragon scales
rNeg     + . .     Faith    .   l - +0 shield
rPois    +         Spirit   .   (helmet restricted)
rElec    .         Reflect  .   J - +0 cloak {MR+}
rCorr    .         Harm     .   (no gloves)
MR       ++...                  D - +2 pair of boots
Stlth    +++.......             i - amulet of regeneration
Regen    0.7/turn               x - ring of protection from fire
MPRegen  0.2/turn               p - +3 ring of protection

@: no status effects
A: claws 2, horns 1, talons 1, large bone plates 2, clever 1, cold resistance 1,
nightstalker 2, poison resistance, powered by pain 3
a: Minor Destruction, Lesser Servant of Makhleb, Major Destruction, Greater
Servant of Makhleb, Renounce Religion


You were on level 15 of the Dungeon.
You worshipped Makhleb.
Makhleb was exalted by your worship.
You were not hungry.

You visited 4 branches of the dungeon, and saw 24 of its levels.
You also visited: Labyrinth, Sewer and Ice Cave.

You collected 3689 gold pieces.
You spent 694 gold pieces at shops.

Inventory:

Hand Weapons
 a - a +7 fustibalus of freezing
Missiles
 A - 189 sling bullets
Armour
 e - a +3 leather armour of fire resistance
 h - a cursed +2 helmet
 l - a +0 shield (worn)
 D - a +2 pair of boots (worn)
 J - a +0 cloak of magic resistance (worn)
 P - +4 pearl dragon scales (worn)
Jewellery
 d - the ring of Hyteapax {rPois MP+9 Int-3 Dex+5}
   (You found it on level 2 of the Lair of Beasts)

   [ring of magical power]

   It affects your intelligence (-3).
   It affects your dexterity (+5).
   It protects you from poison.
   It affects your magic capacity (+9).
 i - an amulet of regeneration (around neck)
 p - a +3 ring of protection (left claw)
 v - the amulet "Ywaka" {Faith rF+ Str+6 Int-3}
   (You found it in an ice cave)

   [amulet of faith]

   It allows you to gain divine favour quickly.
   It affects your strength (+6).
   It affects your intelligence (-3).
   It protects you from fire.
 x - a ring of protection from fire (right claw)
 G - an uncursed ring of protection from fire
 M - an uncursed ring of fire
 V - an uncursed ring of ice
 X - an uncursed ring of poison resistance
 Y - an uncursed ring of resist corrosion
Wands
 f - a wand of lightning (6/15)
 z - a wand of scattershot (6/9)
 R - a wand of confusion (23/48)
Scrolls
 b - 13 scrolls of remove curse
 q - a scroll of fog
 r - 3 scrolls of recharging
 s - 4 scrolls of identify
 t - 6 scrolls of teleportation
 y - 5 scrolls of immolation
 E - a scroll of fear
 H - 4 scrolls of blinking
 L - 2 scrolls of amnesia
 N - a scroll of silence
 U - 2 scrolls of magic mapping
Potions
 j - a potion of lignification
 k - 7 potions of magic
 m - 3 potions of heal wounds
 n - 3 potions of cancellation
 w - 4 potions of flight
 B - a potion of mutation
 C - a potion of agility
 F - 2 potions of berserk rage
 I - a potion of might
 O - 10 potions of curing
 Q - 2 potions of resistance
 T - 2 potions of haste
 W - a potion of brilliance
Books
 u - a book of Callings

   Spells                             Type                      Level
   a - Summon Small Mammal            Summoning                    1
   b - Call Imp                       Summoning                    2
   c - Call Canine Familiar           Summoning                    3
   d - Summon Guardian Golem          Hexes/Summoning              3
   e - Summon Lightning Spire         Summoning/Air                4
   f - Summon Ice Beast               Ice/Summoning                4
Comestibles
 c - 17 bread rations
 g - 11 meat rations
 o - 13 royal jellies
 S - 23 fruits
 Z - 11 chunks of flesh


   Skills:
 - Level 3.0 Fighting
   Level 2.6 Long Blades
 - Level 11.5 Dodging
 - Level 1.7 Stealth
 + Level 14.4 Shields
 - Level 15.0 Unarmed Combat
 - Level 4.2 Hexes
 - Level 10.0 Invocations


You had 13 spell levels left.
You knew the following spells:

 Your Spells              Type           Power        Failure   Level  Hunger
a - Corona                Hex            ##.....      41%         1    ##.....


Dungeon Overview and Level Annotations

Branches:
Dungeon (15/15)            Temple (1/1) D:4            Lair (6/6) D:10
 Shoals (0/4) Lair:4        Snake (0/4) Lair:2        Slime (0/5) Lair:6
    Orc (2/2) D:9             Elf (0/3) Orc:2        Vaults (0/5) D:13
 Depths (0/5) D:15

Altars:
Ashenzari
Cheibriados
Dithmenos
Elyvilon
Fedhas
Gozag
Hepliaklqana
Kikubaaqudgha
Makhleb
Nemelex Xobeh
Okawaru
Qazlal
Ru
Sif Muna
Trog
Uskayaw
Vehumet
Wu Jian
Xom
Yredelemnul
Zin
The Shining One
Jiyva

Shops:
D:10 [   D:13 (   Orc:2 !%%%?


Innate Abilities, Weirdness & Mutations

You have very sharp fingernails.
You are mostly covered in large bone plates. (SH +6)
You are significantly more attuned to the shadows.
You are powered by pain.
You have a pair of small horns on your head.
You have sharp toenails.
Your mind is acute. (Int +2)
Your flesh is cold resistant. (rC+)
Your system is resistant to poisons. (rPois)


Message History

The ettin shouts in stereo!
You mangle the two-headed ogre!!
The two-headed ogre is moderately wounded.
You hear a shout!
You hear two shouts!
You hear a shout!
You block the two-headed ogre's attack. The two-headed ogre misses you.
You claw the two-headed ogre! You headbutt the two-headed ogre.
The two-headed ogre is heavily wounded.
An ogre mage comes into view. It is wielding a club.
You claw the two-headed ogre!
Your headbutt misses the two-headed ogre.
The two-headed ogre is severely wounded.
The ogre mage points at you and mumbles some strange words.
The crystal spear hits you! The ettin hits you with a dire flail!!
You block the ettin's attack.
The two-headed ogre completely misses you.
You block the two-headed ogre's attack.
The ogre mage points at you and mumbles some strange words.
The crystal spear hits you!
Ouch! That really hurt!
You die...

##. #. #. .# ####+#
#. # ...# #....# #.
##. ..# #....# #. ..#
..# #...<#####.
####O###.#
#...#......
#>(.#.@..#
#...#.#####
#...C.#..# #...#.# #.
#...#O#.## #...#.#
##' .#. ..#.# #...#.#
#.. #. ...#.#
##...#+###.. #
#####.####......(.#..
#.....#.........(.
#.#...#........(##
#.#...#.........##


You could see an ettin, a two-headed ogre and an ogre mage.

Vanquished Creatures
  The ghost of GoodGuyCap the Basher, a journeyman FoFi of the Shining One (Orc:2)
  An ettin (Orc:1)
  Josephine (Lair:4)
  A minotaur (Lab)
  The ghost of Skryme the Fighter, a journeyman GrGl of Cheibriados (IceCv)
  A vault guard (D:13)
  5 hydras
  2 ice dragons (IceCv)
  Erolcha (D:11)
  A catoblepas (D:14)
  4 two-headed ogres
  A tengu warrior (D:14)
  3 death yaks (Lair:4)
  5 orc high priests (Orc:2)
  An unseen horror (D:14)
  3 orc knights (Orc:2)
  8 ugly things
  An oklob plant (Lair:2)
  An orc sorcerer (Orc:2)
  A deep elf mage (D:14)
  3 manticores
  A black mamba (Lair:1)
  4 cyclopes
  5 elephants (Lair:5)
  Joseph (D:7)
  A torpor snail (Lair:6)
  A vault sentinel (D:13)
  2 ice statues (IceCv)
  3 gargoyles
  25 spiny frogs
  4 rime drakes
  5 komodo dragons
  A freezing wraith (D:15)
  A hornet (D:14)
  5 trolls
  A meliai (D:14)
  5 tyrant leeches (Lair:6)
  2 polar bears
  28 blink frogs
  3 dream sheep (Lair:6)
  11 slime creatures
  14 hippogriffs
  2 wyverns
  16 yaks
  Sigmund (D:3)
  A vampire (D:14)
  6 wraiths
  A spriggan (Lair:2)
  The ghost of Firebatgyro the Skirmisher, an amateur DsWn (Sewer)
  8 basilisks
  Eustachio (D:6)
  15 vampire mosquitoes
  2 hungry ghosts
  A soldier ant (D:14)
  3 nagas (Lair:2)
  10 water moccasins
  Duvessa (D:4)
  8 porcupines
  41 orc warriors
  A hornet zombie (D:14)
  25 ice beasts
  3 black bears
  An eye of draining (D:12)
  14 ogres
  2 phantoms
  4 sky beasts
  12 wolves
  7 centaurs
  7 crocodiles
  2 big kobolds
  35 bullfrogs
  A wyvern zombie (D:12)
  Dowan (D:4)
  A wyvern skeleton (D:12)
  7 scorpions
  4 jellies
  12 wights
  A howler monkey (D:4)
  An electric eel (Lair:3)
  7 crimson imps
  2 centaur zombies
  2 quasits (D:11)
  A wyvern simulacrum (D:15)
  7 centaur skeletons
  2 hounds
  27 orc priests
  5 bullfrog skeletons
  17 orc wizards
  Jessica (D:2)
  6 hell rats (Lair:6)
  An iguana (D:6)
  Natasha (thrice) (D:2)
  11 worker ants
  2 hound zombies (D:5)
  A worker ant zombie (D:6)
  Robin (D:2)
  3 gnolls (Orc:1)
  24 adders
  4 shadow imps
  4 oozes
  An adder skeleton (D:5)
  A worm (D:3)
  2 dart slugs
  7 leopard geckos
  89 orcs
  4 ball pythons
  12 giant cockroaches
  17 goblins
  11 hobgoblins
  12 jackals
  4 quokkas
  11 bats
  10 frilled lizards
  19 kobolds
  2 leopard gecko skeletons (D:4)
  12 rats
  A fungus (Lair:6)
  4 plants
778 creatures vanquished.

Vanquished Creatures (collateral kills)
  The ghost of Maxmaps the Champion of Chaos, a journeyman DsWr of Makhleb (Orc:2)
  An orc high priest (Orc:2)
  2 orc knights (Orc:2)
  4 orc warriors (Orc:2)
8 creatures vanquished.

Vanquished Creatures (others)
  14 fungi
  55 plants
69 creatures vanquished.

Grand Total: 855 creatures vanquished

Notes
Turn   | Place    | Note
-------+----------+-------------------------------------------
     0 | D:1      | Zazen the Demonspawn Monk began the quest for the Orb.
     0 | D:1      | Reached XP level 1. HP: 18/18 MP: 1/1
   231 | D:1      | Gained mutation: You are partially covered in large bone plates. (SH +4) [demonic ancestry]
   231 | D:1      | Reached XP level 2. HP: 24/24 MP: 2/2
   455 | D:1      | Reached XP level 3. HP: 29/29 MP: 3/3
   985 | D:2      | Noticed Jessica
  1039 | D:2      | Killed Jessica
  1039 | D:2      | Reached skill level 1 in Shields
  1039 | D:2      | Reached XP level 4. HP: 21/35 MP: 4/4
  1381 | D:2      | Reached XP level 5. HP: 41/41 MP: 5/5
  1411 | D:2      | Noticed Natasha
  1421 | D:2      | Killed Natasha
  1425 | D:2      | Noticed Natasha
  1441 | D:2      | Killed Natasha
  1600 | D:2      | Noticed Natasha
  1615 | D:2      | Killed Natasha
  1615 | D:2      | Reached skill level 5 in Dodging
  1636 | D:2      | Noticed Robin
  1653 | D:2      | Killed Robin
  1903 | D:3      | Noticed Sigmund
  1997 | D:3      | Killed Sigmund
  1997 | D:3      | Gained mutation: You sometimes gain a little power by taking damage. [demonic ancestry]
  1997 | D:3      | Reached XP level 6. HP: 11/47 MP: 6/6
  3078 | D:4      | Found a glowing drain.
  3117 | Sewer    | Entered a sewer
  3189 | Sewer    | Noticed Firebatgyro's ghost (amateur DsWn)
  3202 | Sewer    | Reached skill level 5 in Shields
  3202 | Sewer    | Gained mutation: You sometimes gain power by taking damage. [demonic ancestry]
  3202 | Sewer    | Reached XP level 7. HP: 45/52 MP: 7/7
  3247 | Sewer    | Killed Firebatgyro's ghost
  3859 | D:4      | Found a staircase to the Ecumenical Temple.
  3885 | D:4      | Noticed Duvessa
  3921 | D:4      | Gained mutation: You have sharp fingernails. [demonic ancestry]
  3921 | D:4      | Reached XP level 8. HP: 58/58 MP: 8/8
  3931 | D:4      | Killed Duvessa
  3931 | D:4      | Reached skill level 1 in Unarmed Combat
  3949 | D:4      | Noticed Dowan
  3972 | D:4      | Killed Dowan
  4127 | Temple   | Entered the Ecumenical Temple
  4130 | Temple   | Reached skill level 2 in Unarmed Combat
  4179 | Temple   | Became a worshipper of Makhleb the Destroyer
  4179 | Temple   | Reached * piety under Makhleb
  4179 | Temple   | Reached ** piety under Makhleb
  4314 | D:4      | Reached skill level 3 in Unarmed Combat
  4397 | D:4      | Found a blossoming altar of Fedhas.
  4711 | D:5      | Entered Level 5 of the Dungeon
  4734 | D:5      | Reached skill level 4 in Unarmed Combat
  4950 | D:5      | Reached skill level 5 in Unarmed Combat
  5454 | D:6      | Reached skill level 6 in Unarmed Combat
  5460 | D:6      | Gained mutation: You are powered by pain. [demonic ancestry]
  5460 | D:6      | Reached XP level 9. HP: 50/63 MP: 9/9
  5620 | D:6      | Noticed Eustachio
  5677 | D:6      | Killed Eustachio
  5677 | D:6      | Reached skill level 7 in Unarmed Combat
  6309 | D:7      | Noticed Joseph
  6333 | D:7      | Killed Joseph
  6333 | D:7      | Reached skill level 8 in Unarmed Combat
  6728 | D:7      | Reached *** piety under Makhleb
  6851 | D:6      | Reached skill level 9 in Unarmed Combat
  6945 | D:7      | Gained mutation: Armour fits poorly on your strangely shaped body. [mutagenic meat]
  6946 | D:7      | Gained mutation: You are covered in fur. (AC +1) [mutagenic meat]
  6947 | D:7      | Gained mutation: You have very sharp fingernails. [mutagenic meat]
  6948 | D:7      | Gained mutation: Your mind is acute. (Int +2) [mutagenic meat]
  6950 | D:7      | Lost mutation: You are covered in fur. (AC +1) [mutagenic meat]
  6951 | D:7      | Lost mutation: Your mind is acute. (Int +2) [potion of mutation]
  6951 | D:7      | Lost mutation: Armour fits poorly on your strangely shaped body. [potion of mutation]
  6951 | D:7      | Lost mutation: You have very sharp fingernails. [potion of mutation]
  6951 | D:7      | Gained mutation: Armour fits poorly on your strangely shaped body. [potion of mutation]
  6951 | D:7      | Gained mutation: You are frail. (-10% HP) [potion of mutation]
  6951 | D:7      | Gained mutation: You are dopey. (Int -2) [potion of mutation]
  6951 | D:7      | Gained mutation: You have very sharp fingernails. [potion of mutation]
  6952 | D:7      | Lost mutation: You are dopey. (Int -2) [potion of mutation]
  6952 | D:7      | Lost mutation: You are frail. (-10% HP) [potion of mutation]
  6952 | D:7      | Lost mutation: Armour fits poorly on your strangely shaped body. [potion of mutation]
  6952 | D:7      | Gained mutation: Armour fits poorly on your strangely shaped body. [potion of mutation]
  6952 | D:7      | Gained mutation: You have a pair of small horns on your head. [potion of mutation]
  6952 | D:7      | Gained mutation: Your muscles are strong. (Str +2) [potion of mutation]
  6953 | D:7      | Lost mutation: You have very sharp fingernails. [potion of mutation]
  6953 | D:7      | Lost mutation: Armour fits poorly on your strangely shaped body. [potion of mutation]
  6953 | D:7      | Lost mutation: Your muscles are strong. (Str +2) [potion of mutation]
  6953 | D:7      | Lost mutation: You have a pair of small horns on your head. [potion of mutation]
  6953 | D:7      | Gained mutation: You have a pair of small horns on your head. [potion of mutation]
  6953 | D:7      | Gained mutation: You are clumsy. (Dex -2) [potion of mutation]
  6953 | D:7      | Gained mutation: Your spells are a little harder to cast, but a little more powerful. [potion of mutation]
  6954 | D:7      | Lost mutation: Your spells are a little harder to cast, but a little more powerful. [potion of mutation]
  6954 | D:7      | Lost mutation: You are clumsy. (Dex -2) [potion of mutation]
  6954 | D:7      | Gained mutation: You have sharp toenails. [potion of mutation]
  6954 | D:7      | Gained mutation: Your system is resistant to poisons. (rPois) [potion of mutation]
  6954 | D:7      | Gained mutation: Your flesh is cold resistant. (rC+) [potion of mutation]
  6954 | D:7      | Gained mutation: Your mind is acute. (Int +2) [potion of mutation]
  7849 | D:8      | Reached XP level 10. HP: 65/70 MP: 10/10
  7864 | D:8      | Reached skill level 10 in Unarmed Combat
  8098 | D:9      | Reached **** piety under Makhleb
  8204 | D:9      | Found a staircase to the Orcish Mines.
  8741 | D:9      | Reached skill level 11 in Unarmed Combat
  8820 | D:10     | Entered Level 10 of the Dungeon
  8918 | D:10     | Found Bismanu's Armour Shop.
  8948 | D:10     | Found a staircase to the Lair.
  9580 | Lair:1   | Entered Level 1 of the Lair of Beasts
  9680 | Lair:1   | Identified a scroll of acquirement
  9839 | Lair:1   | Noticed a black mamba
  9946 | Lair:1   | Reached skill level 12 in Unarmed Combat
  9991 | Lair:1   | Gained mutation: You are mostly covered in large bone plates. (SH +6) [demonic ancestry]
  9991 | Lair:1   | Reached XP level 11. HP: 75/75 MP: 11/11
 10501 | Lair:2   | Found a staircase to the Snake Pit.
 10669 | Lair:2   | Got a warped platinum ring
 10671 | Lair:2   | Identified the ring of Hyteapax {rPois MP+9 Int-3 Dex+5} (You found it on level 2 of the Lair of Beasts)
 10820 | Lair:2   | Reached ***** piety under Makhleb
 11151 | Lair:2   | Noticed an oklob plant
 11212 | Lair:2   | Killed an oklob plant
 11703 | Lair:3   | Noticed a five-headed hydra
 11704 | Lair:3   | Reached skill level 1 in Invocations
 11791 | Lair:2   | HP: 3/75 [five-headed hydra (6)]
 11967 | Lair:2   | Killed a five-headed hydra
 11967 | Lair:2   | Reached skill level 13 in Unarmed Combat
 13008 | Lair:4   | Found a staircase to the Shoals.
 13015 | Lair:4   | Reached XP level 12. HP: 81/81 MP: 14/14
 13042 | Lair:4   | Learned a level 1 spell: Corona
 13049 | Lair:4   | Noticed Josephine
 13079 | Lair:4   | Killed Josephine
 13422 | Lair:4   | Noticed a six-headed hydra
 13435 | Lair:4   | Killed a six-headed hydra
 13435 | Lair:4   | Reached skill level 10 in Shields
 13711 | Lair:5   | Reached skill level 5 in Invocations
 13919 | Lair:5   | Noticed a death yak
 13920 | Lair:5   | Noticed a death yak
 13920 | Lair:5   | Noticed a death yak
 13970 | Lair:4   | Killed a death yak
 14004 | Lair:4   | Killed a death yak
 14009 | Lair:4   | Killed a death yak
 14196 | Lair:5   | Reached skill level 14 in Unarmed Combat
 14500 | Lair:5   | Reached skill level 1 in Hexes
 14545 | Lair:6   | Entered Level 6 of the Lair of Beasts
 14594 | Lair:6   | Gained mutation: You are slightly more attuned to the shadows. [demonic ancestry]
 14594 | Lair:6   | Reached XP level 13. HP: 86/86 MP: 18/18
 14640 | Lair:6   | Found a viscous altar of Jiyva.
 14640 | Lair:6   | Found a staircase to the Slime Pits.
 15316 | Lair:6   | Reached ****** piety under Makhleb
 15497 | Lair:6   | Reached skill level 15 in Unarmed Combat
 15920 | Lair:6   | Got an ancient morningstar
 16266 | Orc:1    | Entered Level 1 of the Orcish Mines
 16301 | Orc:1    | Noticed an ettin
 16322 | Orc:1    | Killed an ettin
 16329 | Orc:1    | Found a frozen archway.
 16337 | IceCv    | Entered an ice cave
 16686 | IceCv    | Noticed Skryme's ghost (journeyman GrGl)
 16695 | IceCv    | Reached skill level 10 in Invocations
 16695 | IceCv    | Gained mutation: You are significantly more attuned to the shadows. [demonic ancestry]
 16695 | IceCv    | Reached XP level 14. HP: 68/93 MP: 21/21
 16712 | IceCv    | Killed Skryme's ghost
 16738 | IceCv    | Got a wavering garnet amulet
 16924 | IceCv    | Identified the amulet "Ywaka" {Faith rF+ Str+6 Int-3} (You found it in an ice cave)
 17049 | Orc:1    | Reached skill level 10 in Dodging
 17506 | Orc:2    | Entered Level 2 of the Orcish Mines
 17585 | Orc:2    | Found a staircase to the Elven Halls.
 17585 | Orc:2    | Noticed Maxmaps's ghost (journeyman DsWr)
 17846 | Orc:2    | Noticed GoodGuyCap's ghost (journeyman FoFi)
 17871 | Orc:2    | Killed GoodGuyCap's ghost
 18245 | Orc:2    | Found Dunum's Distillery.
 18254 | Orc:2    | Bought a potion of cancellation for 80 gold pieces
 18254 | Orc:2    | Bought a potion of heal wounds for 50 gold pieces
 18254 | Orc:2    | Bought a potion of heal wounds for 50 gold pieces
 18254 | Orc:2    | Bought a potion of mutation for 80 gold pieces
 18254 | Orc:2    | Bought a potion of curing for 30 gold pieces
 18851 | Orc:2    | Killed Maxmaps's ghost
 19031 | Orc:2    | Found Okashuul's Food Shoppe.
 19035 | Orc:2    | Found Bokk's Food Emporium.
 19036 | Orc:2    | Found Efidim's Magic Scroll Emporium.
 19036 | Orc:2    | Found Imuitra's Food Emporium.
 19072 | Orc:2    | Bought a scroll of recharging for 142 gold pieces
 19072 | Orc:2    | Bought a scroll of remove curse for 45 gold pieces
 19072 | Orc:2    | Bought a scroll of identify for 30 gold pieces
 19072 | Orc:2    | Bought a scroll of identify for 30 gold pieces
 19072 | Orc:2    | Bought a scroll of fear for 52 gold pieces
 19072 | Orc:2    | Bought a scroll of identify for 30 gold pieces
 19072 | Orc:2    | Bought a scroll of identify for 30 gold pieces
 19072 | Orc:2    | Bought a scroll of remove curse for 45 gold pieces
 19321 | D:11     | Noticed Erolcha
 19333 | D:11     | Killed Erolcha
 20865 | D:13     | Found a gate to the Vaults.
 20971 | D:13     | Found a labyrinth entrance.
 21003 | Lab      | Entered a labyrinth
 21031 | Lab      | Found an exit through the horrors of the Abyss.
 21213 | Lab      | Got a transparent scale mail
 21224 | Lab      | Identified the +1 scale mail "Upnefeig" {rElec rF- Int+5 Slay+3} (You took it off a minotaur in a labyrinth)
 21437 | D:13     | Found Lusar's Antique Weapon Shoppe.
 21974 | D:14     | Gained mutation: You have very sharp fingernails. [demonic ancestry]
 21974 | D:14     | Reached XP level 15. HP: 98/98 MP: 22/22
 23209 | D:15     | Entered Level 15 of the Dungeon
 23323 | D:15     | Found a shadowy altar of Dithmenos.
 23392 | D:15     | Found a staircase to the Depths.
 23396 | D:15     | Killed from afar by an ogre mage

Vault maps used:
D:1:      minmay_arrival_open_corners, minmay_splitting_lines, moated_statue,
          minmay_rat_gold_closets
D:2:      first_bread, minmay_misc_feat_five, uniq_natasha, uniq_jessica,
          uniq_robin
D:3:      uniq_sigmund
D:4:      fedhas_altar_3, minmay_temple_entry_grid, gup_sewer_entry_pipe,
          uniq_duvessa
D:6:      uniq_eustachio
D:7:      uniq_joseph
D:9:      corexii_shack_village, orc_0_dummy
D:10:     dpeg_oklobed_lair, serial_shops, shop_fountains
D:11:     uniq_erolcha
D:13:     david_vaults_5, lab_entry_generic, serial_shops, shop
D:14:     nrook_uturn, grunt_tengu_nest
D:15:     hangedman_depths_entry_civil_slaughter,
          nicolae_dithmenos_shadow_blocks
Temple:   grunt_wide_crystal_templ
Lair:2:   minmay_snake_entry_guardpost_small, grunt_forest_stairs_clearing,
          grunt_megastairs_2, minmay_lair_oklob_chamber, lemuel_fruit_tree
Lair:3:   grunt_megastairs_4, serial_bayou_shore_b, wad_woods_river_01
Lair:4:   minmay_shoals_entry_centaurs, uniq_josephine
Lair:6:   minmay_lair_end_frog_pond, dpeg_slime_entry_enclosed_altar
Orc:1:    portal_ice_cave_entry_ice_beasts, nicolae_orc_lava_room
Orc:2:    st_orc_pillars, serial_shops, shop_fountains
Lab:      labyrinth_mini_lab, nicolae_lab_flowing_pool, lab_statue,
          labyrinth_skeletal_remains, nicolae_lab_plus, nicolae_lab_diamond,
          nicolae_lab_statue
Sewer:    sewer_frog_island_01
IceCv:    ice_cave_small_dragons

Skill      XL: |  1  2  3  4  5  6  7  8  9 10 11 12 13 14 15 |
---------------+----------------------------------------------+-----
Dodging        | 3 4 5 7 8 9 11 | 11.5
Shields        | 1 2 4 5 7 8 9 10 13 14 | 14.4
Unarmed Combat | 6 9 12 13 14 15 | 15.0
Invocations    | 3 7 10 | 10.0
Hexes          | 1 4 |  4.2
Fighting       | |  3.0
Long Blades    | |  2.6
Stealth        | |  1.7

Action                   |  1- 3 |  4- 6 |  7- 9 | 10-12 | 13-15 || total
-------------------------+-------+-------+-------+-------+-------++-------
Melee: Falchion          |   122 |   376 |   439 |       |       ||   937
       Unarmed           |       |       |   293 |   997 |  1985 ||  3275
       Headbutt          |       |       |    22 |   283 |   490 ||   795
 Fire: Fustibalus        |       |       |       |    15 |    27 ||    42
Throw: Tomahawk          |       |       |     1 |       |       ||     1
 Cast: Corona            |       |       |       |       |     2 ||     2
Invok: Greater Servant o |       |       |       |       |     1 ||     1
Evoke: Wand              |       |       |       |       |     3 ||     3
  Use: Scroll            |       |    11 |     7 |    23 |    16 ||    57
       Potion            |       |     1 |     6 |       |     7 ||    14
 Stab: Sleeping          |     3 |     2 |     9 |     7 |    13 ||    34
       Distracted        |       |       |       |       |     4 ||     4
       Petrified         |       |       |       |       |     2 ||     2
  Eat: Chunk             |     1 |     8 |    23 |    19 |    25 ||    76
       Royal jelly       |       |       |     1 |     1 |       ||     2
       Fruit             |       |       |       |     2 |     2 ||     4
       Meat ration       |       |       |       |       |     1 ||     1
Armor: Ring mail         |    56 |       |       |       |       ||    56
       Robe              |     1 |       |       |       |       ||     1
       Leather armour    |       |    82 |   130 |    87 |       ||   299
       Pearl dragon scal |       |       |       |   100 |   375 ||   475
Dodge: Dodged            |   101 |   188 |   264 |   318 |   633 ||  1504
Block: Other             |    20 |       |       |       |       ||    20
       Shield            |    49 |   304 |   555 |   793 |  1551 ||  3252
       Rpst.: Falchion   |    28 |    64 |    58 |       |       ||   150
